 Dungeon Crawl Stone Soup version 0.28.0-53-g5a82cb258f (webtiles) character file.

Game seed: 2615306133516899818

26514 PentaManta the Spry (level 13, 0/111 HPs)
             Began as a Merfolk Transmuter on June 8, 2022.
             Was a High Priest of Dithmenos.
             Slain by a yak (3 damage)
             ... while petrified by a basilisk
             ... on level 3 of the Lair of Beasts.
             The game lasted 00:47:38 (20029 turns).

PentaManta the Spry (Merfolk Transmuter)           Turns: 20029, Time: 00:47:39

Health: 0/111      AC:  2    Str: 17    XL:     13   Next: 26%
Magic:  13/16      EV:  5    Int: 16    God:    Dithmenos [*****.]
Gold:   579        SH:  0    Dex: 20    Spells: 11/16 levels left

rFire   . . .      SeeInvis .     - Unarmed
rCold   . . .      Faith    .   (shield currently unavailable)
rNeg    + + +      Spirit   .   (armour currently unavailable)
rPois   ∞          Reflect  .   (helmet currently unavailable)
rElec   .          Harm     .   (cloak currently unavailable)
rCorr   .          Rampage  .   (gloves currently unavailable)
Will    .....                   (boots currently unavailable)
Stlth   +++.......              (no amulet)
HPRegen 0.28/turn               b - +6 ring of strength
MPRegen 0.15/turn               M - ring of wizardry

@: spider-form (expiring), petrified, wreathed by umbra
A: venomous fangs, tiny, (nimble swimmer 2), (mertail)
a: End Transformation, Renounce Religion, Shadow Step, Shadow Form


You were on level 3 of the Lair of Beasts.
You worshipped Dithmenos.
Dithmenos was extremely pleased with you.
You were a venomous arachnid creature.
You visited 3 branches of the dungeon, and saw 14 of its levels.
You also visited: Sewer, Ossuary and Bailey.

You collected 887 gold pieces.
You spent 308 gold pieces at shops.

Inventory:

Missiles
 e - 6 curare-tipped darts
 i - 4 throwing nets
 s - 9 poisoned darts
Armour
 n - a +2 cloak (melded)
 u - a +0 crystal plate armour
 w - a +1 robe of willpower (melded)
 B - a +1 helmet (melded)
 G - a +0 pair of gloves (melded)
 J - an orb of energy
 K - a +0 robe of resistance
 L - a +2 scale mail of positive energy
 N - a +0 kite shield
Jewellery
 a - an amulet of guardian spirit
 b - a +6 ring of strength (left front leg)
 d - a ring of positive energy
 z - the amulet of Cuuth {Faith rF+ Regen+ rCorr Int+3}
   (You took it off a gnoll shaman on level 8 of the Dungeon)

   [amulet of faith]

   It allows you to gain divine favour quickly.
   Int:       It affects your intelligence (+3).
   rF:        It protects you from fire.
   Regen:     It increases your rate of health regeneration.
   rCorr:     It protects you from acid and corrosion.
 M - a ring of wizardry (right front leg)
 Q - an amulet of faith
Wands
 y - a wand of digging (2)
 F - a wand of iceblast (13)
 I - a wand of paralysis (4)
 S - a wand of polymorph (10)
Scrolls
 c - 8 scrolls of teleportation
 o - 5 scrolls of enchant armour
 r - 3 scrolls of amnesia
 x - a scroll of fear
 A - 3 scrolls of fog
 C - 4 scrolls of enchant weapon
 D - a scroll of summoning
 O - a scroll of identify
 P - 3 scrolls of blinking
 T - a scroll of silence
Potions
 f - 4 potions of brilliance
 g - 6 potions of lignification
 h - 6 potions of heal wounds
 j - 3 potions of ambrosia
 k - 7 potions of haste
 l - 5 potions of curing
 m - a potion of mutation
 p - 2 potions of flight
 q - 2 potions of degeneration {unknown}
 t - 2 potions of invisibility
 v - 7 potions of might
 E - a potion of magic {unknown}
 H - 2 potions of cancellation
Miscellaneous
 R - a tin of tremorstones (2/2)


   Skills:
 + Level 13.2 Fighting
 + Level 17.2 Dodging
 + Level 13.2 Unarmed Combat
 - Level 2.0 Spellcasting
 - Level 8.0 Transmutations


You had 11 spell levels left.
You knew the following spells:

 Your Spells              Type           Power      Damage    Failure   Level
b - Spider Form           Tmut/Pois      14%        N/A       12%         3
c - Wereblood             Tmut           27%        N/A       2%          2

Your spell library contained the following spells:

 Spells                   Type           Power      Damage    Failure   Level
 Beastly Appendage        Tmut           54%        N/A       1%          1
 Animate Skeleton         Necr           2%         N/A       17%         1
 Magic Dart               Conj           4%         1d3       17%         1
 Pain                     Necr           4%         1d4       17%         1
 Slow                     Hex            4%         N/A       17%         1
 Call Imp                 Summ           1%         N/A       24%         2
 Ice Form                 Ice/Tmut       14%        N/A       28%         4
 Confusing Touch          Hex            1%         N/A       38%         3
 Dazzling Flash           Conj/Hex       2%         N/A       38%         3
 Mephitic Cloud           Conj/Pois/Air  1%         N/A       38%         3
 Vampiric Draining        Necr           1%         2d6       38%         3
 Iskenderun's Mystic Bla  Conj/Tloc      1%         2d3       75%         4
 Starburst                Conj/Fire      0%         6d3       100%        6


Dungeon Overview and Level Annotations

Branches:
Dungeon (10/15)            Temple (1/1) D:4            Lair (3/6) D:9
    Orc (0/2) D:9           Sewer (visited)         Ossuary (visited)
 Bailey (visited)
  Swamp: Lair:2-4    Shoals: Lair:2-4     Snake: Lair:2-4    Spider: Lair:2-4

Altars:
Ashenzari
Cheibriados
Dithmenos
Elyvilon
Fedhas
Gozag
Hepliaklqana
Kikubaaqudgha
Makhleb
Nemelex Xobeh
Okawaru
Qazlal
Ru
Sif Muna
Trog
Uskayaw
Vehumet
Wu Jian
Xom
Yredelemnul
Zin
The Shining One

Shops:
D:2 [   D:4 (   D:8 *!

Annotations:
D:3 2 transporters


Innate Abilities, Weirdness & Mutations

You are a venomous arachnid creature.
You have poisonous fangs.
You are tiny and dextrous.
You are immune to poison.
Your spellcasting is less reliable in this form.
Your armour is entirely melded.
You are incapable of wielding weapons or throwing items.
((You are very nimble when in or above water. (Stealth+, EV+, Speed+++)))
((Your lower body shifts to a powerful aquatic tail in water.))


Message History

Your shadow hits the basilisk. The basilisk misses you.
The yak completely misses you.
You hit the basilisk but do no damage.
The basilisk looks as sick as possible!
The basilisk is almost dead.
The basilisk gazes at you.
You are slowing down.
You barely miss the basilisk.
The basilisk is almost dead.
The yak misses you. The basilisk gazes at you.
Your limbs have turned to stone.
The yak closely misses you.
You have turned to stone.
You kill the basilisk!
Dithmenos accepts your kill. The yak gores you!
Your transformation is almost over.
The yak gores you. The yak gores you!
The blink frog blinks!
The yak gores you.
* * * LOW HITPOINT WARNING * * *
The yak gores you!
* * * LOW HITPOINT WARNING * * *
You kill the blink frog!
Dithmenos accepts your kill. The yak gores you!
* * * LOW HITPOINT WARNING * * *
The yak barely misses you. The yak gores you.
The blink frog blinks!
The yak gores you!
* * * LOW HITPOINT WARNING * * *
The yak gores you.
* * * LOW HITPOINT WARNING * * *
The yak gores you!
* * * LOW HITPOINT WARNING * * *
The blink frog barely misses you. The yak gores you!
* * * LOW HITPOINT WARNING * * *
The blink frog blinks!
The yak gores you!
* * * LOW HITPOINT WARNING * * *
The yak gores you.
* * * LOW HITPOINT WARNING * * *
The yak gores you.
You die...

.#P ...... ... .#... ..
#...# .# #.>.# ####.#
#...# #..†.# ...## ### ##
##+#†.# ...##
....##P###...### ##...##
........Ys†8..######...##
........Y#.....##..#....##
.......F.###.....##...# ..
...........###.......##...
...........# #...8........
.............#.......#...#
.............#.8...8..####
........†..P#........#.#
............##...8...###


You could see 2 yaks and a blink frog.

Vanquished Creatures
  Rupert (Lair:3)
  2 vault guards (Bailey)
  Fannar (Lair:1)
  2 boulder beetles
  A hydra (Lair:2)
  3 two-headed ogres
  3 death yaks (D:9)
  Nergalle (D:10)
  Pikel (D:5)
  The ghost of NoAnimeNoLife the Basher, a novice DsFi (D:5)
  2 black mambas
  2 cane toads
  4 komodo dragons
  6 blink frogs
  Prince Ribbit (Bailey)
  A wraith (Ossuary)
  39 yaks
  5 humans (Bailey)
  A wyvern (D:9)
  3 basilisks
  5 water moccasins
  4 orc warriors (D:9)
  A sky beast (D:6)
  2 black bears (D:6)
  2 ogres
  2 centaurs
  3 wolves (Lair:1)
  Blork the orc (D:5)
  2 kobold brigands (D:8)
  An elf zombie (Ossuary)
  18 bullfrogs
  A gnoll sergeant (D:9)
  3 scorpions
  A water moccasin skeleton (D:7)
  9 killer bees
  5 wights (D:10)
  An electric eel (Lair:1)
  2 centaur zombies
  4 bullfrog zombies
  7 orc priests
  6 jellies
  Crazy Yiuf (D:2)
  5 gnoll shamans
  3 hounds
  3 iguanas
  Natasha (thrice) (D:4)
  5 orc wizards
  A killer bee zombie (D:7)
  A hound skeleton (D:4)
  3 mummies (Ossuary)
  Robin (D:2)
  A howler monkey zombie (D:10)
  10 adders
  37 gnolls
  2 howler monkey skeletons (D:5)
  3 river rats (Sewer)
  A shadow imp (D:5)
  An ufetubus (D:6)
  An adder skeleton (D:4)
  4 worms
  A dart slug (D:1)
  49 orcs
  12 endoplasms
  8 giant cockroaches
  2 gnoll zombies (Ossuary)
  25 goblins
  8 hobgoblins
  2 quokkas
  12 ball pythons
  5 bats
  7 frilled lizards
  3 goblin zombies (Ossuary)
  3 hobgoblin zombies (Ossuary)
  17 kobolds
  2 kobold zombies (Ossuary)
  An orc zombie (Ossuary)
  5 rats
408 creatures vanquished.

Vanquished Creatures (others)
  5 fungi
  12 plants
  2 withered plants (D:5)
19 creatures vanquished.

Grand Total: 427 creatures vanquished

Notes
Turn   | Place    | Note
-------+----------+-------------------------------------------
     0 | D:1      | PentaManta the Merfolk Transmuter began the quest for the
                  | Orb.
     0 | D:1      | Reached XP level 1. HP: 15/15 MP: 3/3
    92 | D:1      | Found a faded altar of an unknown god.
   223 | D:1      | Reached XP level 2. HP: 19/21 MP: 3/5
   714 | D:1      | Reached XP level 3. HP: 9/26 MP: 6/6
  1125 | D:2      | Learned a level 3 spell: Spider Form
  1153 | D:2      | Found an opulent altar of Gozag.
  1203 | D:2      | Noticed Robin
  1381 | D:2      | Reached skill level 5 in Transmutations
  1386 | D:2      | Killed Robin
  1696 | D:2      | Reached XP level 4. HP: 12/32 MP: 5/7
  1696 | D:2      | Noticed an ogre
  2145 | D:2      | Killed an ogre
  2146 | D:2      | Reached XP level 5. HP: 25/37 MP: 2/8
  2344 | D:2      | Found Faela's Armour Shoppe.
  3282 | D:2      | Found a runed translucent door.
  3283 | D:2      | Noticed Crazy Yiuf
  3529 | D:2      | Killed Crazy Yiuf
  3530 | D:2      | Reached XP level 6. HP: 35/43 MP: 6/9
  3998 | D:3      | Found a transporter.
  4200 | D:3      | Found a transporter.
  4385 | D:3      | Reached skill level 3 in Dodging
  5349 | D:4      | Learned a level 2 spell: Wereblood
  5371 | D:4      | Reached skill level 4 in Dodging
  5371 | D:4      | Reached XP level 7. HP: 46/48 MP: 7/10
  5512 | D:4      | Noticed Natasha
  5517 | D:4      | Killed Natasha
  5518 | D:4      | Reached skill level 5 in Unarmed Combat
  5571 | D:4      | Found a staircase to the Ecumenical Temple.
  5593 | Temple   | Entered the Ecumenical Temple
  5640 | Temple   | Became a worshipper of Dithmenos the Shadowed
  5782 | D:4      | Found Xumo's Antique Weapon Shop.
  5816 | D:4      | Noticed Natasha
  5825 | D:4      | Killed Natasha
  5838 | D:4      | Noticed Natasha
  5845 | D:4      | Killed Natasha
  6053 | D:4      | Reached skill level 5 in Dodging
  6273 | D:4      | Found a shimmering blue altar of Sif Muna.
  6330 | D:5      | Entered Level 5 of the Dungeon
  6457 | D:5      | Found an ornate altar of the Wu Jian Council.
  6594 | D:5      | Found a runed translucent door.
  6594 | D:5      | Noticed NoAnimeNoLife's ghost (novice DsFi)
  6733 | D:5      | Found a hazy altar of Hepliaklqana.
  6734 | D:5      | Found a stormy altar of Qazlal.
  6878 | D:5      | Found a basalt altar of Yredelemnul.
  6879 | D:5      | Noticed Blork the orc
  6888 | D:5      | Killed Blork the orc
  6889 | D:5      | Reached skill level 6 in Dodging
  6889 | D:5      | Reached XP level 8. HP: 38/54 MP: 8/11
  7005 | D:5      | Noticed Pikel
  7017 | D:5      | Killed Pikel
  7018 | D:5      | Reached skill level 7 in Dodging
  7094 | D:5      | Reached skill level 8 in Dodging
  8241 | D:6      | Reached XP level 9. HP: 59/59 MP: 8/12
  8247 | D:6      | Reached * piety under Dithmenos
  8299 | D:6      | Found a blossoming altar of Fedhas.
  8346 | D:6      | Found a sand-covered staircase.
  8350 | Ossuary  | Entered an ossuary
  8540 | Ossuary  | Reached skill level 10 in Unarmed Combat
  8985 | D:6      | Found a glowing drain.
  9001 | Sewer    | Entered a sewer
  9127 | Sewer    | Reached ** piety under Dithmenos
  9486 | Sewer    | Found a viscous altar of Jiyva.
 10181 | D:7      | Found a radiant altar of Vehumet.
 10218 | D:7      | Found a flagged portal.
 10250 | Bailey   | Entered a bailey
 10473 | Bailey   | Reached skill level 9 in Dodging
 10803 | Bailey   | Reached XP level 10. HP: 66/71 MP: 10/13
 10803 | Bailey   | Noticed Prince Ribbit
 10812 | Bailey   | Killed Prince Ribbit
 10815 | Bailey   | Noticed a vault guard
 10821 | Bailey   | Reached *** piety under Dithmenos
 10863 | Bailey   | Killed a vault guard
 10864 | Bailey   | Reached skill level 5 in Fighting
 10864 | Bailey   | Reached skill level 10 in Dodging
 11052 | Bailey   | Noticed a vault guard
 11214 | Bailey   | Killed a vault guard
 11215 | Bailey   | Reached skill level 11 in Dodging
 12374 | D:8      | Found Wauttaug's Distillery.
 12382 | D:8      | Bought a potion of cancellation for 88 gold pieces
 12382 | D:8      | Bought a potion of might for 44 gold pieces
 12382 | D:8      | Bought a potion of curing for 33 gold pieces
 12382 | D:8      | Bought a potion of haste for 110 gold pieces
 12382 | D:8      | Bought a potion of curing for 33 gold pieces
 12403 | D:8      | Noticed a boulder beetle
 12410 | D:8      | Noticed a two-headed ogre
 12428 | D:8      | Killed a boulder beetle
 12429 | D:8      | Reached skill level 12 in Dodging
 12429 | D:8      | Reached XP level 11. HP: 37/84 MP: 12/14
 12430 | D:8      | Killed a two-headed ogre
 12515 | D:8      | Identified the amulet of Cuuth {Faith rF+ Regen+ rCorr
                  | Int+3}
 12539 | D:8      | Paralysed by a centaur for 5 turns
 12767 | D:8      | Reached **** piety under Dithmenos
 13159 | D:8      | Found Gozag's Platinum Reserve.
 13163 | D:8      | Found an opulent altar of Gozag.
 13719 | D:5      | Killed NoAnimeNoLife's ghost
 13959 | D:9      | Noticed a two-headed ogre
 13993 | D:9      | Killed a two-headed ogre
 14231 | D:9      | Noticed a death yak
 14234 | D:9      | Found a staircase to the Lair.
 14245 | D:9      | Killed a death yak
 14497 | D:9      | Noticed a death yak
 14499 | D:9      | Noticed a death yak
 14513 | D:9      | Killed a death yak
 14514 | D:9      | Reached skill level 13 in Dodging
 14519 | D:9      | Killed a death yak
 14530 | D:9      | Reached skill level 10 in Fighting
 14819 | D:9      | Found a staircase to the Orcish Mines.
 14835 | D:9      | Reached ***** piety under Dithmenos
 15276 | D:9      | Reached skill level 14 in Dodging
 15616 | D:10     | Entered Level 10 of the Dungeon
 15743 | D:10     | Noticed Nergalle
 15755 | D:10     | Killed Nergalle
 15756 | D:10     | Reached XP level 12. HP: 74/99 MP: 12/15
 16231 | D:10     | Found a broken altar of Ashenzari.
 16244 | D:10     | Noticed a two-headed ogre
 16254 | D:10     | Killed a two-headed ogre
 16572 | Lair:1   | Entered Level 1 of the Lair of Beasts
 16609 | Lair:1   | Reached skill level 15 in Dodging
 17177 | Lair:1   | Noticed Fannar
 17256 | Lair:1   | Killed Fannar
 17707 | Lair:1   | Reached skill level 16 in Dodging
 18450 | Lair:2   | Noticed a boulder beetle
 18463 | Lair:2   | Killed a boulder beetle
 18600 | Lair:2   | Noticed an eight-headed hydra
 18612 | Lair:2   | Killed an eight-headed hydra
 19336 | Lair:3   | Noticed Rupert
 19401 | Lair:3   | Paralysed by Rupert for 2 turns
 19410 | Lair:3   | Killed Rupert
 19411 | Lair:3   | Reached XP level 13. HP: 64/109 MP: 13/16
 19709 | Lair:3   | Reached skill level 17 in Dodging
 20028 | Lair:3   | HP: 3/111 [yak (6)]
 20029 | Lair:3   | Slain by a yak

Illustrated notes

Levels and vault maps discovered:
D:1:      dpeg_arrival_renting, layout_rooms, basic_ecumenical_altar
D:2:      layout_basic, basic_altar, serial_shops, shop, lightli_corner_chamber,
          uniq_robin, uniq_crazy_yiuf_cottage
D:3:      gammafunk_steamed_eel, layout_loops_cross
D:4:      layout_rooms, lemuel_blue_sif_altar, minmay_temple_entry_antechambers,
          serial_shops, nicolae_lakefront_shop, uniq_natasha
D:5:      layout_layer_cave, mainiacjoe_overflow_alcove_2,
          mainiacjoe_overflow_chevrons, gammafunk_temple_overflow_pools,
          gammafunk_ghost_grave, grunt_ministairs_5, uniq_pikel,
          uniq_blork_the_orc
D:6:      layout_cave_pools, fedhas_altar_2, nicolae_ossuary_entry_plus,
          portal_sewer_entry_d, grunt_decor_resistance
D:7:      layout_rooms, nicolae_vehumet_altar_sigil, enter_bailey_4,
          serial_park_tiny_2, nrook_uturn
D:8:      layout_rooms, nicolae_gozag_zags_fifth_avenue, serial_shops, shop
D:9:      layout_irregular_city, dpeg_lair_monsters, hiddenorc2_lemuel
D:10:     layout_stronghold, lemuel_tele_altar, uniq_nergalle
Temple:   cyrus_circular_temple
Lair:1:   layout_gridlike, beast_lair_carwin_9, uniq_fannar
Lair:2:   layout_roguey
Lair:3:   layout_cave_pods, grunt_megastairs_4, lemuel_fruit_tree,
          infiniplex_staircase_pool, lemuel_fruit_fields, uniq_rupert

Skill      XL: |  1  2  3  4  5  6  7  8  9 10 11 12 13 |
---------------+----------------------------------------+-----
Transmutations | 3 4 5 7 8 |  8.0
Unarmed Combat | 4 6 8 11 12 13 | 13.2
Dodging        | 4 6 8 9 12 14 16 17 | 17.2
Fighting       | 4 7 10 12 13 | 13.2
Spellcasting   | |  2.0

Action                   |  1- 3 |  4- 6 |  7- 9 | 10-12 | 13-15 || total
-------------------------+-------+-------+-------+-------+-------++-------
Melee: Unarmed           |   103 |   167 |   391 |   620 |    82 ||  1363
       Headbutt          |     8 |     6 |       |       |       ||    14
       Punch             |     2 |     2 |     3 |     4 |     3 ||    14
       Tailslap          |       |       |     1 |       |       ||     1
Throw: Dart              |       |       |       |    12 |       ||    12
 Cast: Beastly Appendage |    18 |     8 |       |       |       ||    26
       Spider Form       |     2 |    21 |    51 |    72 |     7 ||   153
 Abil: End Transformatio |       |       |       |     1 |       ||     1
Evoke: Wand              |       |       |       |     1 |       ||     1
  Use: Scroll            |       |       |    19 |     4 |       ||    23
       Potion            |       |       |       |     2 |       ||     2
 Stab: Sleeping          |       |     2 |     4 |     3 |       ||     9
Armor: Robe              |    10 |    10 |    14 |     9 |       ||    43
       Skin              |     1 |     5 |     8 |     8 |     2 ||    24
Dodge: Dodged            |    58 |   148 |   321 |   655 |    60 ||  1242
